Cogmind - Beta 16.1 @@@ ROGUE MODE // 2026.02.19 @ 20:40:39 Player: Skergy Result: Self-destructed Performance ------------- Evolutions (4) 2000 Regions Visited (4) 800 Robots Destroyed (26) 130 Value Destroyed (563) 563 Prototype IDs (15) 300 Alien Tech Used (0) 0 Bonus (273) 273 TOTAL SCORE: 4066 Bonus ------- Follower Combat Kills 447 Friendly Fire -174 Cogmind --------- Core Integrity 641/850 Matter 300/300 Energy 160/160 System Corruption 2% Temperature Cool (0) Movement Treading (246) Ox1 Location -6/Factory Parts ------- > --- POWER (1) -------- Light Nuclear Core > --- PROPULSION (3) --- Light Treads Spiked Treads Improved Medium Treads > --- UTILITY (6) ------ Huge Storage Unit Makeshift Hacking Suite > --- WEAPON (5) ------- (None) > --- INVENTORY (25) --- Light Nuclear Core Hybrid Fission Core Flexi-carbon Leg Medium Matter Pod (100) Improved Sensor Array Advanced Sensor Array Improved Signal Interpreter ECM Suite Advanced ECM Suite V3-11A's Pendant Plasma Rifle Proton Cannon Proton Cannon Proton Cannon Battle Rifle Heavy Battle Rifle Slug Cannon Mining Laser Makeshift Sword Peak State ------------ > --- POWER ------------ Ion Engine Light Nuclear Core > --- PROPULSION ------- Light Treads Spiked Treads Spiked Treads Improved Medium Treads > --- UTILITY ---------- Small Storage Unit Huge Storage Unit Improved Terrain Scanner Advanced ECM Suite Tower Shield Makeshift Hacking Suite V3-11A's Pendant > --- WEAPON ----------- Subdweller Beam Cannon Heavy Battle Rifle 1B-0RG's Assimilator > --- INVENTORY -------- Hybrid Fission Core Flexi-carbon Leg Improved Sensor Array Advanced Sensor Array Improved Signal Interpreter ECM Suite ECM Suite Plasma Rifle Proton Cannon Proton Cannon Proton Cannon Battle Rifle Slug Cannon Mining Laser Makeshift Sword [Rating: 126] Favorites ----------- Power Ion Engine Engine Ion Engine Power Core Light Nuclear Core Propulsion Light Treads Treads Light Treads Leg Flexi-carbon Leg Utility Small Storage Unit Device V3-11A's Pendant Storage Small Storage Unit Hackware Makeshift Hacking Suite Protection Tower Shield Weapon Slug Cannon Energy Gun Medium Laser Energy Cannon Subdweller Beam Cannon Ballistic Gun Heavy Battle Rifle Ballistic Cannon Slug Cannon Special Weapon Mining Laser Slashing Weapon Makeshift Sword Special Melee Weapon 1B-0RG's Assimilator Build | -11 -10 -10 -8 -6 ------- Run | Yrd Mat Sub Rec Fac Slots Evolved 8 | . . . . 8 Power . | . . . . . Propulsion 1 | . . . . 1 Utility 4 | . . . . 4 Weapon 3 | . . . . 3 Parts Attached 36 | 6 2 14 2 12 Power 3 | 1 1 . 1 . Engine 2 | 1 1 . . . Core 1 | . . . 1 . Reactor . | . . . . . Propulsion 8 | 1 1 3 . 3 Treads 7 | 1 1 3 . 2 Leg 1 | . . . . 1 Wheel . | . . . . . Hover . | . . . . . Flight . | . . . . . Utility 12 | 2 . 2 . 8 Device 8 | 1 . 1 . 6 Storage 2 | 1 . . . 1 Processor . | . . . . . Hackware 1 | . . . . 1 Protection 1 | . . 1 . . Artifact . | . . . . . Weapon 13 | 2 . 9 1 1 Energy Gun 2 | 1 . 1 . . Energy Cannon 1 | . . 1 . . Ballistic Gun 5 | 1 . 3 1 . Ballistic Cannon 1 | . . 1 . . Launcher . | . . . . . Special Weapon 1 | . . 1 . . Impact Weapon . | . . . . . Slashing Weapon 1 | . . 1 . . Piercing Weapon . | . . . . . Special Melee Weapon 2 | . . 1 . 1 Unidentified Prototypes 2 | . . 1 . 1 Parts Lost 12 | . 1 2 . 9 Power 2 | . 1 . . 1 Propulsion 4 | . . 2 . 2 Utility 5 | . . . . 5 Weapon 1 | . . . . 1 Highest Loss Streak 4 | . 1 2 . 4 To Critical Strikes . | . . . . . Average Backups 6 | 4 7 4 4 12 Power . | 1 . . . 1 Propulsion . | 2 2 . . 1 Utility 2 | . 2 1 1 3 Weapon 2 | . 1 1 2 6 Tool/Special . | . . . . . Unused Backups 21 | . 2 9 . 10 Power 4 | . 1 1 . 2 Propulsion 2 | . . 2 . . Utility 8 | . . 4 . 4 Weapon 7 | . 1 2 . 4 Tool/Special . | . . . . . Average Slot Usage (%) 85 | . 98 87 83 65 Engine 10 | . 13 11 7 3 Core 1 | . . . 5 3 Treads 22 | . 26 23 21 17 Device 11 | . 14 11 7 10 Storage 10 | . 14 11 7 7 Protection 2 | . . 2 7 3 Energy Gun 3 | . 14 1 . . Energy Cannon 1 | . . 1 7 3 Ballistic Gun 7 | . 13 6 7 3 Ballistic Cannon 4 | . . 6 7 . Special Weapon 3 | . . 6 . . Slashing Weapon 2 | . . 2 5 . Peak Build Rating 126 | 6 8 51 54 126 Average Rating 40 | 4 7 28 53 113 On Entrance 23 | . 6 8 51 54 Avg Prop Armor Cover (%) 1 | . . . . 1 Naked Turns . | . . . . . Heaviest Build 204 | 13 15 70 75 204 Greatest Support 90 | 20 40 60 60 90 Greatest Overweight (x) 40 | . . 2 1 40 Average Overweight (x) . | . . . 1 2 Largest Inventory Capacity 25 | 8 8 8 8 25 Average Capacity 10 | 7 8 7 8 21 Most Carried 23 | 7 8 8 8 23 Average Carried 8 | 4 7 7 8 13 Final Capacity 25 | 8 8 8 8 25 Final Carried 19 | 7 8 8 8 19 Class Distribution -------------------- 57% | Mutant 21% | Derelict-Gunner 21% | Derelict-Mutant Dominant Class ---------------- Mutant | -10/Materials Mutant | -10/Subcaves Derelict-Gunner | -8/Recycling Derelict-Mutant | -6/Factory Resources | -11 -10 -10 -8 -6 ----------- Run | Yrd Mat Sub Rec Fac Matter Collected 1433 | 278 364 178 76 537 Remotely 265 | . . . . 265 Salvage Created 883 | 108 439 78 209 49 Parts 57 | 4 28 7 14 4 Haulers Intercepted . | . . . . . Recyclers Shooed . | . . . . . Parts Field Recycled . | . . . . . Retrieved Matter . | . . . . . Parts Self-Destructed 14 | . . 14 . . Prevented 2 | . . 2 . . Parts Restored . | . . . . . Kills | -11 -10 -10 -8 -6 ------- Run | Yrd Mat Sub Rec Fac Combat Hostiles Destroyed 18 | . 13 2 2 1 Guns 16 | . 13 2 1 . Cannons 2 | . . . 1 1 Classes Destroyed 8 | 2 3 1 1 1 Tunneler 2 | 1 1 . . . Recycler 2 | 1 1 . . . Watcher 3 | . 3 . . . Swarmer 10 | . 9 1 . . Grunt 4 | . 4 . . . Sentry 1 | . . 1 . . Programmer 1 | . . . . 1 Scrapper 3 | . . . 3 . Best Kill Streak 9 | 2 9 2 2 1 Combat Bots Only 9 | . 9 2 2 1 Max Kills in Single Turn 1 | 1 1 1 1 1 Gunslinging . | . . . . . Exploded . | . . . . . Melee . | . . . . . Uniques/NPCs Destroyed . | . . . . . Combat | -11 -10 -10 -8 -6 -------- Run | Yrd Mat Sub Rec Fac Hostile Shots Fired 200 | . 52 16 9 123 Missed 71 | . 17 8 1 45 Hits 129 | . 35 8 8 78 Projectile 129 | . 35 8 8 78 Critical Strikes 2 | . . 1 1 . Part Disruptions 1 | . . . . 1 Damage Taken 2206 | . 336 206 244 1420 Core 310 | . 81 20 . 209 Absorbed by Shields . | . . . . . Regen/Repaired (Parts) 123 | . . . . 123 Core Remaining (%) 79 | 100 . . 59 . Volleys Fired 112 | 6 43 54 7 2 Largest 4 | 2 2 2 4 2 Hottest 178 | 70 70 100 178 113 Shots Fired 176 | 12 85 60 16 3 Gun 116 | 12 85 12 6 1 Cannon 8 | . . . 6 2 Launcher . | . . . . . Special 52 | . . 48 4 . Kinetic 65 | 6 43 6 9 1 Thermal 105 | 6 42 48 7 2 Explosive . | . . . . . Electromagnetic 6 | . . 6 . . Robot Hit Streak 15 | 12 15 7 7 . Robot Miss Streak 4 | . 4 2 1 2 Penetration Max . | . . . . . Secondary Targets . | . . . . . Shots Hit Robots 81 | 12 51 10 8 . Core Hits 36 | 3 24 4 4 1 Critical Kills . | . . . . . Critical Parts Destroyed . | . . . . . Critical Strikes 7 | 1 5 1 . . Burn 6 | 1 5 . . . Destroy 1 | . . 1 . . Melee Attacks 2 | . . 1 1 . Impact . | . . . . . Slashing 1 | . . . 1 . Piercing . | . . . . . Sneak Attacks 2 | . . 1 1 . Combat Hostiles . | . . . . . Follow-up Attacks . | . . . . . Damage Inflicted 1199 | 152 655 115 244 33 Guns 1005 | 152 655 115 83 . Cannons 120 | . . . 87 33 Explosions . | . . . . . Melee 74 | . . . 74 . Ramming . | . . . . . Kinetic 502 | 76 267 48 111 . Thermal 556 | 76 388 . 59 33 Explosive . | . . . . . Electromagnetic 67 | . . 67 . . Impact . | . . . . . Slashing 74 | . . . 74 . Piercing . | . . . . . Highest Corruption 2 | . . . . 2 Average Corruption 1 | . . . . 1 Corruption Purged . | . . . . . Corruption Blocked . | . . . . . Effects 2 | . . . . 2 Matter Fused 2 | . . . . 2 Overload Shots . | . . . . . Overflow Damage . | . . . . . Projectiles . | . . . . . Explosions . | . . . . . Melee . | . . . . . Knockbacks 1 | . . . 1 . Impact . | . . . . . Kinetic 1 | . . . 1 . Secondary . | . . . . . Self-Inflicted Damage . | . . . . . Shots . | . . . . . Rammed . | . . . . . Targets Rammed . | . . . . . Kicked . | . . . . . Crushed . | . . . . . Highest Temperature 474 | 45 117 24 474 36 Average Temperature 71 | 20 33 16 158 20 Received Heat Transfer 289 | . 90 51 130 18 Effects 5 | . . . 5 . Shutdowns 2 | . . . 2 . Energy Bleed 2 | . . . 2 . Damage (minor) 1 | . . . 1 . Siege Activations . | . . . . . Martial Activations . | . . . . . Shielding Activations . | . . . . . Robots Disrupted . | . . . . . Combat Hostiles . | . . . . . Robots Corrupted . | . . . . . Combat Hostiles . | . . . . . Parts Fried . | . . . . . Impact Corruptions . | . . . . . Robots Melted . | . . . . . Combat Hostiles . | . . . . . Parts Melted 9 | . 6 . 2 1 Heat Transferred 1900 | 296 1517 . 50 37 Parts Sabotaged . | . . . . . Parts Stolen . | . . . . . Parts Stripped . | . . . . . Power Chain Reactions . | . . . . . Alert | -11 -10 -10 -8 -6 ------- Run | Yrd Mat Sub Rec Fac Maximum Alert Level 1 | . 1 . . . Low Security (%) 99 | 100 98 . 100 100 Level 1 . | . 1 . . . Level 2 . | . . . . . Level 3 . | . . . . . Level 4 . | . . . . . Level 5 . | . . . . . High Security . | . . . . . Max Security . | . . . . . Peak Influence 211 | 10 211 . 27 135 Initial . | . . . . . Average 31 | . 64 . 3 22 Influence Increases 1065 | 10 397 167 102 389 Destroy 0b10 Robot/C 660 | . 260 120 60 220 Destroy 0b10 Robot/NC 45 | 10 25 . . 10 Destroy Leader 118 | . 66 . . 52 Allied During Kill 81 | . . 17 21 43 Successful Hack 49 | . 30 . 6 13 Disable Machine 75 | . 15 . 15 45 Destroy Structure 7 | . 1 . . 6 Lose Combat Pursuer 30 | . . 30 . . Influence Decreases 1048 | 10 397 167 102 372 Time Decay 798 | 10 387 107 102 192 Lost Part 90 | . 10 . . 80 Lost Ally 160 | . . 60 . 100 Squads Dispatched 7 | . 3 . . 4 Investigation . | . . . . . Extermination 2 | . . . . 2 Reinforcement 5 | . 3 . . 2 Assault . | . . . . . Garrison . | . . . . . Intercept . | . . . . . Searches Triggered . | . . . . . Construction Impeded 1 | . . . . 1 Haulers Reinforced . | . . . . . Active Scanning Responses . | . . . . . Cargo Convoy Interrupts 1 | . . . . 1 Stealth | -11 -10 -10 -8 -6 --------- Run | Yrd Mat Sub Rec Fac Distress Signals 6 | . 2 . . 4 Communications Jammed . | . . . . . Distress Signals . | . . . . . Times Spotted 75 | . 25 17 3 30 Peak Tracking Total 13 | . 10 6 4 13 Tactical Retreats 2 | . . 1 . 1 ECM-based Alert Blocks 1 | . . . . 1 Traps | -11 -10 -10 -8 -6 ------- Run | Yrd Mat Sub Rec Fac Traps Triggered 6 | . 5 1 . . Indirectly . | . . . . . Trap Hack Attempts . | . . . . . Triggered . | . . . . . Disarmed . | . . . . . Reprogrammed . | . . . . . Reused . | . . . . . Traps Extracted . | . . . . . Installed . | . . . . . Triggered . | . . . . . Machines | -11 -10 -10 -8 -6 ---------- Run | Yrd Mat Sub Rec Fac Machines Disabled 9 | . 1 2 3 3 Max in Single Turn 1 | . 1 1 1 1 Machines Repaired . | . . . . . Machines Dismantled . | . . . . . Machines Sabotaged . | . . . . . Overloaded Fab Kills . | . . . . . Hacking | -11 -10 -10 -8 -6 --------- Run | Yrd Mat Sub Rec Fac Machines Accessed 11 | . 6 1 2 2 Terminals 6 | . 5 . 1 . Fabricators . | . . . . . Repair Stations . | . . . . . Recycling Units 3 | . 1 . 1 1 Scanalyzers . | . . . . . Garrison Access 1 | . . . . 1 Total Hacks 30 | . 13 5 8 4 Successful 15 | . 4 5 4 2 Failed 15 | . 9 . 4 2 Catastrophic 1 | . 1 . . . Database Lockouts . | . . . . . Manual 26 | . 14 . 8 4 Terminals 15 | . 12 . 3 . Fabricators . | . . . . . Repair Stations . | . . . . . Recycling Units 8 | . 1 . 5 2 Scanalyzers . | . . . . . Garrison Access 2 | . . . . 2 Terminal Hacks 6 | . 1 5 . . Record 4 | . . 4 . . Recall Reinforcements 1 | . 1 . . . Proto ID Catalog 1 | . . 1 . . Fabricator Hacks . | . . . . . Repair Station Hacks . | . . . . . Recycling Unit Hacks . | . . . . . Scanalyzer . | . . . . . Garrison Access Hacks . | . . . . . Unauthorized Hacks 9 | . 3 . 4 2 Terminals 4 | . 3 . 1 . Botnet 4 | . 3 . 1 . Fabricators . | . . . . . Repair Stations . | . . . . . Recycling Units 4 | . . . 3 1 Reject 1 | . . . 1 . Recyclers 2 | . . . 1 1 Mask 1 | . . . 1 . Scanalyzers . | . . . . . Garrison Access 1 | . . . . 1 Watchers 1 | . . . . 1 Data Cores Recovered . | . . . . . Used . | . . . . . Hacking Detections 10 | . 6 . 2 2 Full Trace Events . | . . . . . Feedback Events . | . . . . . Feedback Blocked . | . . . . . Robot Schematics Acquired . | . . . . . Robots Built . | . . . . . Authchips . | . . . . . Time . | . . . . . Total Robot Build Rating . | . . . . . Part Schematics Acquired . | . . . . . Parts Built . | . . . . . Authchips . | . . . . . Time . | . . . . . Total Part Build Rating . | . . . . . Part Studies Acquired . | . . . . . Parts Repaired . | . . . . . Time . | . . . . . Parts Recycled . | . . . . . Recycled Matter . | . . . . . Retrieved Matter . | . . . . . Retrieved Components . | . . . . . Parts Scanalyzed . | . . . . . Part Schematics Acquired . | . . . . . Parts Damaged . | . . . . . Bothacking | -11 -10 -10 -8 -6 ------------ Run | Yrd Mat Sub Rec Fac Used RIF Installer . | . . . . . Robots Hacked 1 | . . 1 . . Non-combat 1 | . . 1 . . Combat . | . . . . . Robot Hacks Applied 1 | . . 1 . . parse_system 1 | . . 1 . . Relay Couplers Released 3 | . . . . 3 Programmers 3 | . . . . 3 Fabnet Peak Effective % . | . . . . . Robots Rewired . | . . . . . Allies Hacked 1 | . . . . 1 Hacks Repelled . | . . . . . Allies | -11 -10 -10 -8 -6 -------- Run | Yrd Mat Sub Rec Fac Total Allies 15 | . . 14 . 1 Largest Group 8 | . . 8 8 5 Highest-Rated Group 152 | . . 152 152 98 Highest-Rated Ally 98 | . . 19 19 98 Total Orders . | . . . . . Ally Attacks 144 | . . 40 19 85 Total Damage 3045 | . . 484 393 2168 Kills 23 | . . 5 5 13 Allies Corrupted . | . . . . . Allies Melted . | . . . . . Borg Created 4 | . . . . 4 Largest Collective 3 | . . . . 3 Intel | -11 -10 -10 -8 -6 ------- Run | Yrd Mat Sub Rec Fac Active Infowar (turns) 2480 | 48 1177 266 . 989 Terrain 967 | . . . . 967 Seismic 1491 | 48 1177 266 . . ECM 726 | . . . . 726 Robot Analysis Total . | . . . . . Derelict Logs Recovered 2 | . . 2 . . Drone Launches . | . . . . . Drone Recoveries . | . . . . . Exploration | -11 -10 -10 -8 -6 ------------- Run | Yrd Mat Sub Rec Fac Turns Passed 7735 | 132 1177 4337 916 1173 Spaces Moved 3500 | 65 617 2141 348 329 Core 6 | 4 . . . 2 Treads 3494 | 61 617 2141 348 327 Legs . | . . . . . Wheels . | . . . . . Hover . | . . . . . Flight . | . . . . . Fastest Speed 50 | 50 160 160 253 246 Average Speed 203 | 153 160 188 253 337 Slowest Speed 2050 | 160 160 360 253 2050 Overloaded Moves . | . . . . . Propulsion Burnouts . | . . . . . Robots Hopped . | . . . . . Potential Cave-ins . | . . . . . Cave-ins Triggered . | . . . . . Exploration Rate (%) 50 | 3 93 90 57 11 Regions Visited 4 Branch Regions 2 Pre-discovered Areas 2 | . . 2 . . Known Exits Taken . | . . . . . Unknown Exits Taken 4 | 1 1 1 1 . Scrap Searched 8 | . . 8 . . Spaces Dug . | . . . . . Terrain Destroyed . | . . . . . Melee . | . . . . . Projectile . | . . . . . AOE . | . . . . . Terrain Rammed . | . . . . . Walls Destroyed . | . . . . . Machines Disabled . | . . . . . Actions | -11 -10 -10 -8 -6 --------- Run | Yrd Mat Sub Rec Fac Total 3824 | 83 719 2284 362 376 Wait 89 | . 44 36 3 6 Move 3496 | 64 616 2140 347 329 Hop . | . . . . . Pick Up 40 | 7 5 12 . 16 Fast Attach 30 | 6 7 10 1 6 Attach 10 | . 2 2 . 6 Detach 4 | . . 2 . 2 Swap 12 | . . 5 3 4 Drop 25 | . 2 22 . 1 Fire 112 | 6 43 54 7 2 Melee 2 | . . 1 1 . Ram . | . . . . . Kick . | . . . . . Crush . | . . . . . Escape Stasis . | . . . . . Rewire . | . . . . . Trap . | . . . . . Miscellaneous 4 | . . . . 4 Route ------- -11/Scrapyard -10/Materials (discovered 6 exits: [*Mat x3] / [*Min x2] / *Sub) -10/Subcaves (discovered 3 exits: [*Mat x2] / *Rec) -8/Recycling -6/Factory History --------- Turn | Location | Event 35 | -11/Scrapyard | Discovered new exit (range 16) 133 | -11/Scrapyard | Entered Materials 310 | -10/Materials | Build established: Mutant 312 | -10/Materials | Destroyed 9 combat bots 336 | -10/Materials | Discovered new exit (range 14) 408 | -10/Materials | Discovered new exit (range 6) 628 | -10/Materials | Discovered new exit (range 16) 716 | -10/Materials | Discovered new exit (range 16) 784 | -10/Materials | Discovered new exit (range 15) 919 | -10/Materials | Discovered new exit (range 7) 1310 | -10/Materials | Entered Subcaves 1311 | -10/Subcaves | Approached by a straggling Scientist 1317 | -10/Subcaves | Learned location of Zion (-6) 1574 | -10/Subcaves | Visited triangular shrine 1584 | -10/Subcaves | Found Prototype Device 1584 | -10/Subcaves | Identified V3-11A's Pendant 1589 | -10/Subcaves | Befriended Subdweller 1709 | -10/Subcaves | Befriended Subdweller 1714 | -10/Subcaves | Befriended Subdweller 1856 | -10/Subcaves | A swath of the cavern ceiling suddenly collapsed 2048 | -10/Subcaves | Shifting Twisted Machinery released Spk. Treads 2145 | -10/Subcaves | Shifting Twisted Machinery released Sub. Beam Cannon 2274 | -10/Subcaves | Befriended Subdweller 2274 | -10/Subcaves | Befriended Subdweller 2398 | -10/Subcaves | Shifting Twisted Machinery released Sub. Monowheel 2424 | -10/Subcaves | Befriended Subdweller 2424 | -10/Subcaves | Befriended Subdweller 2431 | -10/Subcaves | A swath of the cavern ceiling suddenly collapsed 2503 | -10/Subcaves | Ambushed by Subdwellers from Twisted Machinery 2504 | -10/Subcaves | Befriended Subdweller 2504 | -10/Subcaves | Befriended Subdweller 2513 | -10/Subcaves | Discovered new exit (range 7) 2614 | -10/Subcaves | Visited 4L-MR0's lab 2634 | -10/Subcaves | Found Prototype Special Melee Weapon 2639 | -10/Subcaves | Found Tower Shield 2733 | -10/Subcaves | Discovered new exit (range 16) 2789 | -10/Subcaves | Lost 3 allies 2863 | -10/Subcaves | Learned location of Recycling (-8) 2940 | -10/Subcaves | Befriended Subdweller 2970 | -10/Subcaves | Befriended Subdweller 2979 | -10/Subcaves | Discovered new exit (range 8) 3480 | -10/Subcaves | Befriended Subdweller 3480 | -10/Subcaves | Befriended Subdweller 3734 | -10/Subcaves | Disturbed a concealed Subdweller 3735 | -10/Subcaves | Befriended Subdweller 4018 | -10/Subcaves | Attached Tower Shield, gained temporary slots: Power, Propulsion x2, Utility x2, Weapon x2 4498 | -10/Subcaves | Build established: Derelict-Mutant 5233 | -10/Subcaves | Build established: Derelict-Gunner 5647 | -10/Subcaves | Entered Recycling 5647 | -8/Recycling | Accompanied by 8 allies 6173 | -8/Recycling | Discovered new exit (range 6) 6236 | -8/Recycling | Scanned before Scraplab entrance 6285 | -8/Recycling | Angered Scraplab inhabitants 6563 | -8/Recycling | Entered Factory 6563 | -6/Factory | Accompanied by 5 allies 6563 | -6/Factory | Evolved 8 slots: Propulsion x1, Utility x4, Weapon x3 6566 | -6/Factory | Identified 1B-0RG's Assimilator 6864 | -6/Factory | Build established: Derelict-Mutant 7474 | -6/Factory | Assimilating Sage 5a into Collective. 7633 | -6/Factory | Assimilating Shepherd 5a into Collective. 7638 | -6/Factory | Assimilating Slayer 5a into Collective. 7662 | -6/Factory | Lost 4 parts (1p3u) 7667 | -6/Factory | Assimilating Virus 5a into Collective. 7695 | -6/Factory | Cargo convoy interrupted 7736 | -6/Factory | Self-destructed Last Messages --------------- corruption cleaned. 07727_ U-05 Engineer builds a Wall. 07728_ U-05 Engineer lays Concrete. 07728_ K-01 Serf collects debris. 07728_ Penetrated by Slug. 07728_ 1B-0RG's Assimilator destroyed. 07728_ Penetrated by Slug. 07728_ U-05 Engineer lays Concrete. 07729_ U-05 Engineer builds a Wall. 07730_ K-01 Serf collects debris. 07732_ U-05 Engineer lays Concrete. 07732_ Slug penetrates X-62 Marksman. 07732_ U-05 Engineer destroyed. 07732_ K-01 Serf collects debris. 07733_ P-60 Hacker resets K-01 Serf, system corruption cleaned. 07733_ U-05 Engineer lays Concrete. 07734_ Hpw. Tractor Beam destroyed. 07734_ Penetrated by Slug. 07735_ U-05 Engineer builds a Wall. Map ----- +----------------------------------------------------+ | ?????????????????????????????????????????????????? | | ?????????????????????????????????????????????????? | | ?????????????????????????????????????????????????? | | ?????????????????????????????????????????????????? | | ?????????????????????????????????????????????????? | | ?????????????????????????????????????????????????? | | ???????????????????????????????????????? ????????? | | ??????????????????????????????????????? ??????? | | ????????????????????? ????????????????? ???? | | ??????????????????????????????????????? #??? | | ????????????????????????##########????# #?? | | ????????????????????????# #????# #? | | ????????????????? ??????# """ #????# # | | ??????????????????????? # """ #????# # ? | | ????????????????????????# """ #????# " ?? | | ????????????????????????# #????# #??? | | ?????????????????????#?## #?#??# #??? | | ?????????????????#????#?# " "" #????# #??? | | ?????????????????????#??# "R"" ###### % ##?? | | ????????????????######### """ # ## #?? | | ??????+########## ###+##########**% #?? | | ?????? u %[ #?? | | ????? "" u *!! #?? | | ????? " k ! = ! #?? | | ???? !% x=i=h k #?? | | ???????? @ *%[ [xpihpx* #?? | | ?????????????#### ###########=## =%! #?? | | ???????????? ???###% ###??#########*# %% #?? | | ????? ????????#??# % #?#???????????##""* ###?? | | ?????? ???????????# % #??##?????#????# # #???? | | ?????????????##???# #?? ? ? ????#?### ? | | ???? ????????#????# #? "????"????#???# | | ????? ??? ?????#??# # ?""??"????#???# | | ?#?##?#??########## # ?"?"????? ????## " | | ???????? # +??? ? ??????#???# "%" | | ????????"" """ # ##############?#?########"%" | | ???#?? """ """ # # #??????????? " | | ?????# """ """ #R # "" #??????#????? | | ???#?# # # G" #??#????????? | | ?????# """ """ +&&&+ "" #?#??#???????? | | ?#??## """ """ #&%%# """ #?????????????? | | #?#??# """ """ #& =# """ #?????????????? | | ???#?# # # """ * #?????????????? | | ????## # # [#????#????????? | | ?????# # # """ """ #?????????????? | | ???#?# # # """ """ #?##??????????? | | #????############## # """ """ #????#?#???#??? | | ?????# # # ##????????????? | | ?????# # #########??####??????????#?? | | ?????# + #??##?????#???##???????????? | +----------------------------------------------------+ Best States ------------- Heat Dissipation 37 Energy Generation 19 Energy Capacity 310 Matter Stores 300 Matter Capacity 300 Sight Range 16 Terrain Scan Range 20 Terrain Scan Density 10 ECM Strength 2 Armor Coverage 2000 Evasion (%) 40 Recoil Reduction 4 Offensive Hacking 11 Item Schematics ----------------- None Robot Schematics ------------------ None Fabricated ------------ Nothing Repaired ---------- Nothing Studied --------- None Alien Tech Used ----------------- None Achievements -------------- SUBSUB Challenges ------------ None Game ------ Seed CentriumPulseReplica Manual? 0 Play Time 00:52:16 Cumulative 134.5 hours Start 2026.02.19 @ 19:40:47 End 2026.02.19 @ 20:40:39 Sessions 1 Manual Loads 0 Difficulty Rogue Special Mode None Game No. 147 Rogue 147 Adventurer 0 Explorer 0 Win Type - Total 4 Types 4/0/0/0/0/0/0/0/0/0 Lore% 69 Gallery% 53 Achievement% 42 Wizard Run 0 Options --------- Layout 1 ASCII 0 Keyboard 1 Movement Vi Keybinds 0 Fullscreen 2 Font 24/Terminus Map View 50x35 Zoom Use 0% Tactical HUD 1 Map Filters NONE Filters NONE Steam 1 RUN: 20014a1a-b6a1-4b53-ad52-aca5dab5363d